 Dungeon Crawl Stone Soup version 0.29-a0-284-gf9362112df (webtiles) character file.

Game seed: 8564406803957567339

105 siradein the Bolt Thrower (level 5, -3/32 HPs)
             Began as a Kobold Hunter on Apr 1, 2022.
             Slain by a black bear (4 damage)
             ... on level 3 of the Dungeon.
             The game lasted 00:05:00 (2809 turns).

siradein the Bolt Thrower (Kobold Hunter)           Turns: 2809, Time: 00:05:01

Health: -3/32      AC:  4    Str:  8    XL:     5   Next: 8%
Magic:  5/5        EV: 15    Int: 11    God:
Gold:   133        SH:  0    Dex: 20    Spells: 4/4 levels left

rFire   + . .      SeeInvis .   a - +1 hand crossbow
rCold   . . .      Faith    .   (no shield)
rNeg    . . .      Spirit   .   b - +0 leather armour
rPois   .          Reflect  .   (no helmet)
rElec   .          Harm     .   (no cloak)
rCorr   .          Rampage  .   (no gloves)
Will    .....                   l - +0 pair of boots
Stlth   +++.......              (no amulet)
HPRegen 0.10/turn               p - ring of protection from fire
MPRegen 0.09/turn               (no ring)

@: no status effects
A: small, no large weapons, nightstalker 3
a: no special abilities


You were on level 3 of the Dungeon.
You visited 1 branch of the dungeon, and saw 4 of its levels.

You collected 133 gold pieces.

Inventory:

Hand Weapons
 a - a +1 hand crossbow (weapon)
Missiles
 o - 4 atropa-tipped darts
Armour
 b - a +0 leather armour (worn)
 l - a +0 pair of boots (worn)
Jewellery
 p - a ring of protection from fire (left hand)
Scrolls
 c - a scroll of immolation
 f - a scroll of noise {unknown}
 h - 2 scrolls of blinking {unknown}
 i - a scroll of amnesia {unknown}
 j - a scroll of magic mapping {unknown}
 k - 2 scrolls of teleportation {unknown}
 n - a scroll of identify {unknown}
Potions
 d - 2 potions of attraction {unknown}
 e - a potion of resistance {unknown}
 g - 2 potions of curing {unknown}
 m - a potion of might {unknown}
 q - a potion of heal wounds {unknown}


   Skills:
 + Level 3.3 Fighting
 + Level 6.1 Crossbows
 + Level 3.7 Dodging
 + Level 2.5 Stealth


You had 4 spell levels left.
You didn't know any spells.
Your spell library contained the following spells:

 Spells                   Type           Power      Damage    Failure   Level
 Poisonous Vapours        Pois/Air       0%         N/A       61%         2
 Call Canine Familiar     Summ           0%         N/A       83%         3
 Conjure Flame            Conj/Fire      0%         6-21      83%         3
 Portal Projectile        Hex/Tloc       0%         N/A       83%         3
 Leda's Liquefaction      Hex/Erth       0%         N/A       99%         4
 Storm Form               Tmut/Air       0%         N/A       100%        7
 Lehudib's Crystal Spear  Conj/Erth      0%         10d2      100%        8


Dungeon Overview and Level Annotations

Branches:
Dungeon (4/15)
 Temple: D:4-7

Altars:
Trog


Innate Abilities, Weirdness & Mutations

You are small and have problems with some larger weapons.
You are completely attuned to the shadows.


Message History

The black bear barely misses you.
The black bear claws you but does no damage.
The black bear attacks as you move away!
The black bear bites you. The black bear barely misses you.
The black bear claws you.
The black bear attacks as you move away!
The black bear closely misses you.
The black bear claws you but does no damage. x2
An adder comes into view.
The black bear attacks as you move away!
The black bear bites you.
* * * LOW HITPOINT WARNING * * *
The black bear completely misses you. The black bear closely misses you.
The black bear attacks as you move away!
The black bear bites you but does no damage.
The black bear closely misses you. The black bear claws you.
* * * LOW HITPOINT WARNING * * *
The black bear attacks as you move away!
The black bear barely misses you. The black bear claws you.
* * * LOW HITPOINT WARNING * * *
The black bear claws you but does no damage.
The black bear attacks as you move away!
The black bear bites you.
* * * LOW HITPOINT WARNING * * *
The black bear closely misses you. x2
There is an escape hatch in the ceiling here.
The black bear closely misses you.
The black bear claws you but does no damage.
The black bear barely misses you. A mysterious force pulls you upwards.
The hatch slams shut behind you.
Shoot: a) +1 hand crossbow
Press: ? - help, Q - select action, (/) - cycle Shift-Dir - straight line, f - black bear
Aim: a black bear (74% to hit)
You shoot a bolt. The bolt hits the black bear.
The black bear is lightly wounded.
The black bear barely misses you. The black bear claws you.
* * * LOW HITPOINT WARNING * * *
The black bear claws you but does no damage.
The black bear misses you. The black bear claws you.
You die...

#.# #.# ##....#######.#
..#
#.########...(.........
###
#..........#.#########.
############.# #. #.#
## ####### #.# ##
#.....# #.# #. #.###h#
#.# ###. #.###@# #.#
#... ####
#.....#####.#### #.##
...# #..............#
#.#. ...#
#.....#####.##.# #.##
...# #.#.#.#
##...#.####.≈≈ ...#
#)#.#.# #.........>.##
...#
#.)...####...######.#.
...# #).....# ##.##
#.## ...### ###)#.##.#
#.# #...


You could see a black bear.

Vanquished Creatures
  Jessica (D:2)
  3 adders
  A worm (D:2)
  A dart slug (D:2)
  4 orcs (D:3)
  7 bats
  4 endoplasms
  2 giant cockroaches (D:3)
  2 goblins
  5 hobgoblins
  A kobold (D:2)
  A quokka (D:1)
  4 ball pythons
  4 frilled lizards
  2 rats
42 creatures vanquished.

Vanquished Creatures (others)
  3 plants (D:4)
3 creatures vanquished.

Grand Total: 45 creatures vanquished

Notes
Turn   | Place    | Note
-------+----------+-------------------------------------------
     0 | D:1      | siradein the Kobold Hunter began the quest for the Orb.
     0 | D:1      | Reached XP level 1. HP: 12/12 MP: 1/1
    24 | D:1      | Noticed a minotaur skeleton
   113 | D:1      | Reached XP level 2. HP: 18/18 MP: 2/2
   616 | D:2      | Reached XP level 3. HP: 22/22 MP: 3/3
   797 | D:2      | Found a faded altar of an unknown god.
   948 | D:2      | Noticed Jessica
   952 | D:2      | Killed Jessica
   953 | D:2      | Reached XP level 4. HP: 24/28 MP: 4/4
   993 | D:2      | Found a bloodstained altar of Trog.
  1110 | D:2      | Reached skill level 6 in Crossbows
  2378 | D:3      | Reached XP level 5. HP: 32/32 MP: 5/5
  2672 | D:4      | Got the Handbook of Cloudy Conjuration
  2728 | D:4      | Noticed a black bear
  2803 | D:4      | HP: 1/32 [black bear (4)]
  2809 | D:3      | HP: 1/32 [black bear (1)]
  2809 | D:3      | Slain by a black bear

Illustrated notes

Levels and vault maps discovered:
D:1:      shiori_arrival_whats_in_store_for_you, layout_basic
D:2:      layout_basic, shapermc_ecumenical_altar_pompeii, basic_altar,
          uniq_jessica
D:3:      layout_loops_corners, chequers_decorated_corner, grunt_decor_cap
D:4:      layout_basic, minmay_temple_entry_gardened_gates

Skill      XL: |  1  2  3  4 |
---------------+-------------+-----
Dodging        | 3 |  3.7
Fighting       | 3 |  3.3
Stealth        | 2 |  2.5
Crossbows      | 6 |  6.1

Action                   |  1- 3 |  4- 6 || total
-------------------------+-------+-------++-------
 Fire: Hand crossbow     |    50 |    42 ||    92
Armor: Leather armour    |     1 |    14 ||    15
Dodge: Dodged            |    16 |    38 ||    54

Table legend: (Time is in decaauts)
 A = Elapsed time spent in this place.
 B = Non-inter-level travel time spent in this place.
 C = Inter-level travel time spent in this place.
 D = Time resting spent in this place.
 E = Time spent auto-exploring this place.
 F = Levels seen in this place.
 G = Mean time per level.
                   A        B        C        D        E       F      G
               +--------+--------+--------+--------+--------+-----+--------+
         Total |   2832 |   2780 |     52 |     62 |   2302 |   4 |  708.0 |
       Dungeon |   2832 |   2780 |     52 |     62 |   2302 |   4 |  708.0 |
               +--------+--------+--------+--------+--------+-----+--------+

Top non-repeatable levels by time:
     D:2: 1047 daAuts
     D:3: 942 daAuts
     D:1: 617 daAuts
     D:4: 224 daAuts
